| TOP OF THE 1ST |
|
Rome Braves batting - Pitching for Batavia Muckdogs : RHP James Bitner
|
|
Pitching: RHP James Bitner
|
|
|
Batting: LHB Javier Rubio
|
0-0: Called Strike 0-1: Ball 1-1: Ball 2-1: Ground out U3 (Groundball, 3, EV 88.1 MPH)
|
|
Batting: RHB Brandon Burrell
|
0-0: Ball 1-0: Ball 2-0: Ball 3-0: Base on Balls
|
|
Batting: RHB Ike Trout
|
0-0: Called Strike 0-1: Ball 1-1: Swinging Strike 1-2: Ball 2-2: Ball 3-2: Base on Balls Brandon Burrell to second
|
|
Batting: LHB Mike Tenorio
|
0-0: Called Strike 0-1: Swinging Strike 0-2: Strikes out looking
|
|
Batting: RHB Jose Ramos
|
0-0: Called Strike 0-1: Ball 1-1: Foul Ball, location: 2F 1-2: Strikes out looking
|
| Top of the 1st over - 0 runs, 0 hits, 0 errors, 2 left on base; Rome 0 - Batavia 0 |
| BOTTOM OF THE 1ST |
|
Batavia Muckdogs batting - Pitching for Rome Braves : RHP Mokichi Furuta
|
|
Pitching: RHP Mokichi Furuta
|
|
|
Batting: RHB Calvin Morin
|
0-0: Ball 1-0: Ball 2-0: SINGLE (Groundball, 5S, EV 68.8 MPH) (infield hit)
|
|
Pitching: RHP Jose Medina
|
|
|
Batting: RHB Len Graham
|
0-0: Ball 1-0: Ball Calvin Morin steals 2nd base 2-0: Foul Ball, location: 2F 2-1: Ball 3-1: Foul Ball, location: 2F 3-2: Fly out, F9 (Line Drive, 9D, EV 96.2 MPH) Runner from 2nd tags up, SAFE at 3rd, no throw by RF
|
|
Batting: RHB Jim Fisher
|
0-0: Called Strike 0-1: Ball 1-1: Called Strike 1-2: Foul Ball, location: 2F 1-2: Ground out 4-3 (Groundball, 4, EV 86.9 MPH) Calvin Morin scores
|
|
Batting: LHB Ryan Thompson
|
0-0: Single, Error in OF, E8, batter to second base (Line Drive, 4M, EV 95.0 MPH)
|
|
Batting: LHB David Doge
|
0-0: Ball Balk! Ryan Thompson to third 1-0: Foul Ball, location: 2F 1-1: Foul Ball, location: 2F 1-2: Foul Ball, location: 2F 1-2: Ball 2-2: Ball 3-2: Base on Balls
|
|
Batting: RHB Larry LeFever
|
0-0: Ball 1-0: Ball 2-0: Called Strike 2-1: Foul Ball, location: 2F 2-2: Foul Ball, location: 2F 2-2: SINGLE (Groundball, 34S, EV 78.8 MPH) (infield hit) Ryan Thompson scores David Doge to second
|
|
Batting: LHB Emilio Montalvo
|
0-0: Ball Wild Pitch! David Doge to third Larry LeFever to second 1-0: Foul Ball, location: 2F 1-1: DOUBLE (Line Drive, 3D, EV 99.4 MPH) David Doge scores Larry LeFever scores
|
|
Batting: RHB Jeremy Dennis
|
0-0: Ball 1-0: Foul Ball, location: 2F 1-1: SINGLE (Groundball, 6MD, EV 101.2 MPH) Emilio Montalvo to third Runner from 3rd tries for Home, SAFE, throw by CF to home
|
|
Pitching: RHP Marvin Rosas
|
|
|
Batting: RHB Jose Trevino
|
0-0: Called Strike Jeremy Dennis steals 2nd base (no throw) 0-1: Foul Ball, location: 2F 0-2: Ball 1-2: Ball 2-2: Ground out 3-1 (Groundball, 34, EV 79.4 MPH)
|
| Bottom of the 1st over - 5 runs, 5 hits, 1 error, 1 left on base; Rome 0 - Batavia 5 |
| TOP OF THE 2ND |
|
Rome Braves batting - Pitching for Batavia Muckdogs : RHP James Bitner
|
|
Pitching: RHP Ryan Babbitt
|
|
|
Batting: RHB Alex Velasquez
|
0-0: Ball 1-0: Ball 2-0: SINGLE (Groundball, 5S, EV 65.0 MPH) (infield hit)
|
|
Batting: LHB Joe Phillips
|
0-0: Called Strike Alex Velasquez steals 2nd base 0-1: Foul Ball, location: 2F 0-2: Ball 1-2: Foul Ball, location: 2F 1-2: Foul Ball, location: 2F 1-2: Ground out 6-3 (Groundball, 6, EV 104.4 MPH)
|
|
Batting: RHB Peter Wheeler
|
0-0: Called Strike Alex Velasquez steals 3rd base 0-1: Ground out 3-1 (Groundball, 34S, EV 86.9 MPH) Alex Velasquez scores
|
|
Batting: LHB Malik Boulay
|
0-0: SINGLE (Groundball, 4D, EV 99.4 MPH)
|
|
Batting: LHB Javier Rubio
|
0-0: Swinging Strike 0-1: Ball 1-1: Swinging Strike 1-2: Foul Ball, location: 2F 1-2: Strikes out swinging
|
| Top of the 2nd over - 1 run, 2 hits, 0 errors, 1 left on base; Rome 1 - Batavia 5 |
| BOTTOM OF THE 2ND |
|
Batavia Muckdogs batting - Pitching for Rome Braves : RHP Marvin Rosas
|
|
Batting: RHB Calvin Morin
|
0-0: Called Strike 0-1: Ball 1-1: Swinging Strike 1-2: Strikes out swinging
|
|
Batting: RHB Len Graham
|
0-0: Called Strike 0-1: Ground out 5-3 (Groundball, 56, EV 109.4 MPH)
|
|
Batting: RHB Jim Fisher
|
0-0: Called Strike 0-1: Ball 1-1: Fly out, F8 (Flyball, 78D, EV 81.9 MPH)
|
| Bottom of the 2nd over - 0 runs, 0 hits, 0 errors, 0 left on base; Rome 1 - Batavia 5 |
| TOP OF THE 3RD |
|
Rome Braves batting - Pitching for Batavia Muckdogs : RHP Ryan Babbitt
|
|
Batting: RHB Brandon Burrell
|
0-0: Ball 1-0: Ground out 6-3 (Groundball, 6, EV 82.5 MPH)
|
|
Pitching: RHP Giampaolo Nobile
|
|
|
Batting: RHB Ike Trout
|
0-0: Ball 1-0: Ball 2-0: SINGLE (Line Drive, 9LM, EV 106.2 MPH)
|
|
Batting: LHB Mike Tenorio
|
0-0: Called Strike Ike Trout steals 2nd base 0-1: Ball 1-1: Called Strike 1-2: Ball 2-2: Foul Ball, location: 2F 2-2: SINGLE (Groundball, 6D, EV 109.4 MPH) Ike Trout to third Runner from 3rd tries for Home, SAFE, throw by CF to home
|
|
Batting: RHB Jose Ramos
|
0-0: 2-RUN HOME RUN (Flyball, 9D, EV 93.1 MPH), Distance : 359 ft
|
|
Batting: RHB Alex Velasquez
|
0-0: Called Strike 0-1: Swinging Strike 0-2: Foul Ball, location: 2F 0-2: Ball 1-2: Ground out 4-3 (Groundball, 34, EV 90.6 MPH)
|
|
Batting: LHB Joe Phillips
|
0-0: Swinging Strike 0-1: Swinging Strike 0-2: Ball 1-2: Foul Ball, location: 2F 1-2: Ball 2-2: Strikes out swinging
|
| Top of the 3rd over - 3 runs, 3 hits, 0 errors, 0 left on base; Rome 4 - Batavia 5 |
| BOTTOM OF THE 3RD |
|
Batavia Muckdogs batting - Pitching for Rome Braves : RHP Marvin Rosas
|
|
Batting: LHB Ryan Thompson
|
0-0: Ball 1-0: Ball 2-0: Called Strike 2-1: Foul Ball, location: 2F 2-2: Foul Ball, location: 2F 2-2: DOUBLE (Line Drive, 7LS, EV 98.1 MPH)
|
|
Batting: LHB David Doge
|
0-0: Ball 1-0: Fly out, F7 (Flyball, 78S, EV 91.9 MPH)
|
|
Batting: RHB Larry LeFever
|
0-0: Ball 1-0: Ball 2-0: Called Strike 2-1: Ball 3-1: Fly out, F7 (Flyball, 7LM, EV 93.8 MPH)
|
|
Batting: LHB Emilio Montalvo
|
0-0: Ball 1-0: Called Strike 1-1: Swinging Strike 1-2: Ground out 3-1 (Groundball, 34, EV 88.1 MPH)
|
| Bottom of the 3rd over - 0 runs, 1 hit, 0 errors, 1 left on base; Rome 4 - Batavia 5 |
| TOP OF THE 4TH |
|
Rome Braves batting - Pitching for Batavia Muckdogs : RHP Giampaolo Nobile
|
|
Pitching: RHP Scott Feltham
|
|
|
Batting: RHB Peter Wheeler
|
0-0: Called Strike 0-1: Ball 1-1: Called Strike 1-2: Ball 2-2: Foul Ball, location: 2F 2-2: Ground out 4-3 (Groundball, 4MS, EV 92.5 MPH)
|
|
Batting: LHB Malik Boulay
|
0-0: Fly out, F8 (Line Drive, 8RD, EV 91.2 MPH)
|
|
Batting: LHB Javier Rubio
|
0-0: Ball 1-0: SOLO HOME RUN (Flyball, 78XD, EV 109.4 MPH), Distance : 424 ft
|
|
Batting: RHB Brandon Burrell
|
0-0: Ball 1-0: Foul Ball, location: 2F 1-1: Ball 2-1: Ball 3-1: Base on Balls
|
|
Batting: RHB Ike Trout
|
0-0: Called Strike 0-1: Ball 1-1: DOUBLE (Flyball, 8LXD, EV 95.0 MPH) Brandon Burrell to third Runner from 3rd tries for Home, SAFE, throw by CF to home
|
|
Batting: LHB Mike Tenorio
|
0-0: Ball 1-0: Ball 2-0: Ball 3-0: Base on Balls
|
|
Pitching: RHP Alex Garza
|
|
|
Batting: RHB Jose Ramos
|
0-0: Foul Ball, location: 2F 0-1: Foul Ball, location: 2F 0-2: Ball 1-2: Ball 2-2: Fly out, F8 (Flyball, 8LM, EV 95.6 MPH)
|
| Top of the 4th over - 2 runs, 2 hits, 0 errors, 2 left on base; Rome 6 - Batavia 5 |
| BOTTOM OF THE 4TH |
|
Batavia Muckdogs batting - Pitching for Rome Braves : RHP Marvin Rosas
|
|
Batting: RHB Jeremy Dennis
|
0-0: Ball 1-0: Ball 2-0: Ball 3-0: Base on Balls
|
|
Pitching: RHP Omar Orosco
|
|
|
Batting: RHB Jose Trevino
|
0-0: Ball Jeremy Dennis is caught stealing 2nd base 2-4 1-0: Called Strike 1-1: Foul Ball, location: 2F 1-2: Ball 2-2: Fly out, F9 (Flyball, 9LS, EV 83.8 MPH)
|
|
Batting: RHB Calvin Morin
|
0-0: Ball 1-0: Called Strike 1-1: Foul Ball, location: 2F 1-2: Fly out, F9 (Line Drive, 9, EV 98.1 MPH)
|
| Bottom of the 4th over - 0 runs, 0 hits, 0 errors, 0 left on base; Rome 6 - Batavia 5 |
| TOP OF THE 5TH |
|
Rome Braves batting - Pitching for Batavia Muckdogs : RHP Alex Garza
|
|
Batting: RHB Alex Velasquez
|
0-0: Foul Ball, location: 2F 0-1: Ball 1-1: Foul Ball, location: 2F 1-2: SINGLE (Groundball, 56D, EV 101.2 MPH)
|
|
Batting: LHB Joe Phillips
|
0-0: Ball 1-0: Foul Ball, location: 2F 1-1: Called Strike 1-2: Strikes out swinging
|
|
Batting: RHB Peter Wheeler
|
0-0: Ball Alex Velasquez steals 2nd, throwing error, E2 Alex Velasquez to third 1-0: Ball 2-0: Ball 3-0: Foul Ball, location: 2F 3-1: Base on Balls
|
|
Batting: LHB Malik Boulay
|
0-0: Foul Ball, location: 2F 0-1: Foul Ball, location: 2F 0-2: Strikes out swinging
|
|
Batting: LHB Javier Rubio
|
0-0: Called Strike 0-1: Called Strike 0-2: Strikes out swinging
|
| Top of the 5th over - 0 runs, 1 hit, 1 error, 2 left on base; Rome 6 - Batavia 5 |
| BOTTOM OF THE 5TH |
|
Batavia Muckdogs batting - Pitching for Rome Braves : RHP Omar Orosco
|
|
Batting: RHB Len Graham
|
0-0: Ball 1-0: Foul Ball, location: 2F 1-1: Ball 2-1: Ball 3-1: Fly out, F1 (Line Drive, P, EV 64.4 MPH)
|
|
Batting: RHB Jim Fisher
|
0-0: Ball 1-0: Foul Ball, location: 2F 1-1: Ball 2-1: DOUBLE (Line Drive, 9LS, EV 104.4 MPH)
|
|
Batting: LHB Ryan Thompson
|
0-0: Ball 1-0: Ball Wild Pitch! Jim Fisher to third 2-0: Ball Balk! Jim Fisher scores 3-0: Base on Balls
|
|
Batting: LHB David Doge
|
0-0: Called Strike 0-1: Foul Ball, location: 2F 0-2: Ball 1-2: Ball 2-2: Foul Ball, location: 2F 2-2: Fielders Choice at 2nd, 3-6 (Groundball, 34S, EV 86.2 MPH)
|
|
Batting: RHB Larry LeFever
|
0-0: Called Strike 0-1: Ball 1-1: Ball 2-1: Swinging Strike 2-2: Strikes out looking
|
| Bottom of the 5th over - 1 run, 1 hit, 0 errors, 1 left on base; Rome 6 - Batavia 6 |
| TOP OF THE 6TH |
|
Rome Braves batting - Pitching for Batavia Muckdogs : RHP Alex Garza
|
|
Batting: RHB Brandon Burrell
|
0-0: Foul Ball, location: 2F 0-1: Ball 1-1: Ball 2-1: Ball 3-1: Foul Ball, location: 2F 3-2: Foul Ball, location: 2F 3-2: Strikes out swinging
|
|
Batting: RHB Ike Trout
|
0-0: SINGLE (Groundball, 4MD, EV 101.2 MPH)
|
|
Batting: LHB Mike Tenorio
|
0-0: Called Strike 0-1: Ball 1-1: Ball 2-1: Foul Ball, location: 2F 2-2: Foul Ball, location: 2F 2-2: SINGLE (Groundball, 34D, EV 105.6 MPH) Ike Trout to second Runner from 2nd tries for 3rd, SAFE, throw by RF made to third
|
|
Batting: RHB Jose Ramos
|
0-0: Called Strike 0-1: Ball 1-1: Called Strike 1-2: 3-RUN HOME RUN (Flyball, 7D, EV 100.0 MPH) (Inside the Park)
|
|
Batting: RHB Alex Velasquez
|
0-0: Ball 1-0: Foul Ball, location: 2F 1-1: Swinging Strike 1-2: DOUBLE (Flyball, 9LD, EV 97.5 MPH)
|
|
Batting: LHB Joe Phillips
|
0-0: Ball 1-0: Ball Alex Velasquez steals 3rd base 2-0: SINGLE (Line Drive, 89M, EV 103.8 MPH) Alex Velasquez scores
|
|
Batting: RHB Peter Wheeler
|
0-0: Ball 1-0: SINGLE (Groundball, 56D, EV 93.8 MPH) Joe Phillips to second
|
|
Batting: LHB Malik Boulay
|
0-0: Ball 1-0: Ball 2-0: Called Strike 2-1: SINGLE (Flyball, 5D, EV 91.9 MPH) Joe Phillips to third Peter Wheeler to second
|
|
Batting: LHB Javier Rubio
|
0-0: Ball 1-0: GRAND SLAM HOME RUN (Flyball, 9LD, EV 94.4 MPH), Distance : 332 ft
|
|
Pitching: RHP J.J. Barajas
|
|
|
Batting: RHB Brandon Burrell
|
0-0: Swinging Strike 0-1: Swinging Strike 0-2: Ball 1-2: Ball 2-2: SINGLE (Flyball, 89S, EV 91.2 MPH)
|
|
Batting: RHB Ike Trout
|
0-0: Ball Wild Pitch! Brandon Burrell to second 1-0: SINGLE (Line Drive, 9LS, EV 89.4 MPH) Brandon Burrell to third
|
|
Batting: LHB Mike Tenorio
|
0-0: Ball Ike Trout steals 2nd base 1-0: Ball 2-0: Ball 3-0: Base on Balls
|
|
Batting: RHB Jose Ramos
|
0-0: Ball 1-0: Foul Ball, location: 2F 1-1: Ball 2-1: Ball 3-1: Foul Ball, location: 2F 3-2: Foul Ball, location: 2F 3-2: Base on Balls Brandon Burrell scores Ike Trout to third Mike Tenorio to second
|
|
Batting: RHB Alex Velasquez
|
0-0: SINGLE (Line Drive, 34, EV 98.8 MPH) Ike Trout scores Mike Tenorio to third Jose Ramos to second Runner from 3rd tries for Home, SAFE, throw by RF to home
|
|
Batting: LHB Joe Phillips
|
0-0: Ball 1-0: Called Strike 1-1: Ball 2-1: Fly out, F7 (Flyball, 7S, EV 83.1 MPH)
|
|
Batting: RHB Peter Wheeler
|
0-0: Called Strike 0-1: Foul Ball, location: 2F 0-2: Strikes out looking
|
| Top of the 6th over - 11 runs, 11 hits, 0 errors, 2 left on base; Rome 17 - Batavia 6 |
| BOTTOM OF THE 6TH |
|
Batavia Muckdogs batting - Pitching for Rome Braves : RHP Omar Orosco
|
|
Batting: LHB Emilio Montalvo
|
0-0: Ball 1-0: Ball 2-0: Ground out 4-3 (Groundball, 4, EV 83.8 MPH)
|
|
Batting: RHB Jeremy Dennis
|
0-0: Ground out 6-3 (Groundball, 6M, EV 83.8 MPH)
|
|
Batting: RHB Jose Trevino
|
0-0: Ground out 6-3 (Groundball, 6MD, EV 79.4 MPH)
|
| Bottom of the 6th over - 0 runs, 0 hits, 0 errors, 0 left on base; Rome 17 - Batavia 6 |
| TOP OF THE 7TH |
|
Rome Braves batting - Pitching for Batavia Muckdogs : RHP J.J. Barajas
|
|
Batting: LHB Malik Boulay
|
0-0: Ball 1-0: Foul Ball, location: 2F 1-1: Ground out 4-3 (Groundball, 4M, EV 88.8 MPH)
|
|
Batting: LHB Javier Rubio
|
0-0: Ball 1-0: Ball 2-0: Ball 3-0: Base on Balls
|
|
Batting: RHB Brandon Burrell
|
0-0: Ball Wild Pitch! Javier Rubio to second 1-0: Ball Passed Ball! Javier Rubio to third 2-0: Ball 3-0: Called Strike 3-1: SINGLE (Line Drive, 8RS, EV 87.5 MPH) Javier Rubio scores
|
|
Batting: RHB Ike Trout
|
0-0: Swinging Strike 0-1: Ball 1-1: Swinging Strike 1-2: Ball 2-2: Foul Ball, location: 2F 2-2: Foul Ball, location: 2F 2-2: Ball 3-2: Base on Balls Brandon Burrell to second
|
|
Pitching: RHP Justin Blakely
|
|
|
Batting: LHB Mike Tenorio
|
0-0: Ball 1-0: Ball 2-0: Called Strike 2-1: Called Strike 2-2: Ball 3-2: Fly out, F5 (Popup, 5S, EV 78.1 MPH)
|
|
Batting: RHB Jose Ramos
|
0-0: Ball 1-0: Ball 2-0: Ball 3-0: Base on Balls Brandon Burrell to third Ike Trout to second
|
|
Batting: RHB Alex Velasquez
|
0-0: Ball 1-0: Ground out 2-3 (Groundball, 2L, EV 65.0 MPH)
|
| Top of the 7th over - 1 run, 1 hit, 0 errors, 3 left on base; Rome 18 - Batavia 6 |
| BOTTOM OF THE 7TH |
|
Batavia Muckdogs batting - Pitching for Rome Braves : RHP Omar Orosco
|
|
Batting: RHB Calvin Morin
|
0-0: Ball 1-0: Called Strike 1-1: Foul Ball, location: 2F 1-2: Foul Ball, location: 2F 1-2: Hit by Pitch
|
|
Batting: RHB Len Graham
|
0-0: Ball Calvin Morin steals 2nd base 1-0: Ball 2-0: Ground out U3 (Groundball, 34, EV 98.8 MPH) Calvin Morin to third
|
|
Batting: RHB Jim Fisher
|
0-0: Ball 1-0: Called Strike 1-1: Ground out 4-3 (Groundball, 4, EV 101.9 MPH) Calvin Morin scores
|
|
Batting: LHB Ryan Thompson
|
0-0: Ball 1-0: Ball 2-0: Ball 3-0: Swinging Strike 3-1: Foul Ball, location: 2F 3-2: Strikes out swinging
|
| Bottom of the 7th over - 1 run, 0 hits, 0 errors, 0 left on base; Rome 18 - Batavia 7 |
| TOP OF THE 8TH |
|
Rome Braves batting - Pitching for Batavia Muckdogs : RHP Justin Blakely
|
|
Batting: LHB Joe Phillips
|
0-0: Ball 1-0: Swinging Strike 1-1: Ball 2-1: Ball 3-1: Base on Balls
|
|
Batting: RHB Peter Wheeler
|
0-0: Foul Ball, location: 2F 0-1: Ball 1-1: Foul Ball, location: 2F 1-2: Ball Wild Pitch! Joe Phillips to second 2-2: Foul Ball, location: 2F Balk! Joe Phillips to third 2-2: Ground out 6-3 (Groundball, 6, EV 97.5 MPH) Joe Phillips scores
|
|
Batting: LHB Malik Boulay
|
0-0: Foul Ball, location: 2F 0-1: Called Strike 0-2: Strikes out swinging
|
|
Batting: LHB Javier Rubio
|
0-0: Ball 1-0: Called Strike 1-1: Ball 2-1: Foul Ball, location: 2F 2-2: Strikes out looking
|
| Top of the 8th over - 1 run, 0 hits, 0 errors, 0 left on base; Rome 19 - Batavia 7 |
| BOTTOM OF THE 8TH |
|
Batavia Muckdogs batting - Pitching for Rome Braves : RHP Omar Orosco
|
|
Pitching: RHP Dan Spahn
|
|
|
Batting: LHB David Doge
|
0-0: Called Strike 0-1: Ball 1-1: Swinging Strike 1-2: Ball 2-2: Strikes out looking
|
|
Pinch Hitting: LHB Andrew van Dongen
|
0-0: Swinging Strike 0-1: Ball 1-1: Foul Ball, location: 2F 1-2: Strikes out looking
|
|
Batting: LHB Emilio Montalvo
|
0-0: Ground out 4-3 (Groundball, 4MD, EV 103.8 MPH)
|
| Bottom of the 8th over - 0 runs, 0 hits, 0 errors, 0 left on base; Rome 19 - Batavia 7 |
| TOP OF THE 9TH |
|
Rome Braves batting - Pitching for Batavia Muckdogs : RHP Justin Blakely
|
|
Now at 1B: Andrew van Dongen
|
|
|
Now at SS: Len Graham
|
|
|
Batting: RHB Brandon Burrell
|
0-0: Called Strike 0-1: Ball 1-1: Ball 2-1: Ball 3-1: Called Strike 3-2: Base on Balls
|
|
Batting: RHB Ike Trout
|
0-0: Called Strike 0-1: Called Strike 0-2: Ball 1-2: Ball 2-2: Hit by Pitch Brandon Burrell to second
|
|
Batting: LHB Mike Tenorio
|
0-0: Called Strike 0-1: Ball 1-1: Foul Ball, location: 2F 1-2: Ball 2-2: 3-RUN HOME RUN (Line Drive, 9D, EV 95.6 MPH), Distance : 372 ft
|
|
Pitching: RHP Jayson Johnson
|
|
|
Batting: RHB Jose Ramos
|
0-0: Called Strike 0-1: SINGLE (Line Drive, 34, EV 96.9 MPH)
|
|
Batting: RHB Alex Velasquez
|
0-0: Called Strike 0-1: Fielders Choice at 2nd, 5-4 (Groundball, 56, EV 102.5 MPH)
|
|
Batting: LHB Joe Phillips
|
0-0: Called Strike 0-1: Ball 1-1: Foul Ball, location: 2F 1-2: Foul Ball, location: 2F 1-2: Foul Ball, location: 2F 1-2: Foul Ball, location: 2F 1-2: Foul Ball, location: 2F 1-2: Ball 2-2: Foul Ball, location: 2F 2-2: Ball 3-2: Fly out, F5 (Flyball, 5D, EV 85.0 MPH)
|
|
Batting: RHB Peter Wheeler
|
0-0: SINGLE (Groundball, 6, EV 106.9 MPH) Alex Velasquez to second
|
|
Batting: LHB Malik Boulay
|
0-0: Swinging Strike Balk! Alex Velasquez to third Peter Wheeler to second 0-1: Fly out, F8 (Flyball, 8LS, EV 88.1 MPH)
|
| Top of the 9th over - 3 runs, 3 hits, 0 errors, 2 left on base; Rome 22 - Batavia 7 |
| BOTTOM OF THE 9TH |
|
Batavia Muckdogs batting - Pitching for Rome Braves : RHP Dan Spahn
|
|
Pinch Hitting: LHB Carlos Mosqueda
|
0-0: Called Strike 0-1: Ball 1-1: SINGLE (Line Drive, 6D, EV 107.5 MPH)
|
|
Pinch Hitting: SHB Dan Zink
|
0-0: Ball 1-0: Ball 2-0: Ball 3-0: Called Strike 3-1: Base on Balls Carlos Mosqueda to second
|
|
Pinch Hitting: LHB Mario Tirado
|
0-0: TRIPLE (Flyball, 9D, EV 106.9 MPH) Carlos Mosqueda scores Dan Zink scores
|
|
Pinch Hitting: LHB Chris Jonas
|
0-0: Ball 1-0: Ball 2-0: Called Strike 2-1: Swinging Strike 2-2: Foul Ball, location: 2F 2-2: Ground out U3 (Groundball, 3, EV 85.0 MPH)
|
|
Pitching: RHP Jeremy Hurley
|
|
|
Batting: RHB Jim Fisher
|
0-0: Ball 1-0: Ball 2-0: Called Strike 2-1: Called Strike 2-2: Ground out 6-3 (Groundball, 6, EV 82.5 MPH) Mario Tirado scores
|
|
Batting: LHB Ryan Thompson
|
0-0: Ball 1-0: Ball 2-0: Ball 3-0: Base on Balls
|
|
Batting: LHB David Doge
|
0-0: Called Strike 0-1: Ball 1-1: Ball 2-1: Called Strike 2-2: Strikes out swinging
|
| Bottom of the 9th over - 3 runs, 2 hits, 0 errors, 1 left on base; Rome 22 - Batavia 10 |
|